 Dungeon Sprint DCSS version 0.17-a0-2093-gc772f4b (webtiles) character file.

5800000 Ordine the Formicid Barricade (level 27, -3/249 HPs)
             Began as a Formicid Fighter on Oct 16, 2015.
             Was the Champion of Makhleb.
             Killed by the air
             ... invoked by a tyrant
              (28 damage)
             ... in the Dungeon (Sprint VIII: "Arena of Blood").
             The game lasted 00:07:22 (58 turns).

Ordine the Formicid Barricade (Formicid Fighter)      Turns: 58, Time: 00:07:22

Health: -3/249     AC: 13    Str: 20    XL:     27
Magic:  30/54      EV: 31    Int: 13    God:    Makhleb [******]
Gold:   0          SH: 19    Dex: 19    Spells: 0 memorised, 80 levels left

rFire  . . .     SeeInvis +     k - +∞ Axe of Woe
rCold  . . .     Clarity  .     a - +0 scale mail
rNeg   . . .     SustAt   .     b - +0 shield
rPois  .         Gourm    .     (helmet unavailable)
rElec  .         Spirit   .     (no cloak)
rCorr  .         Warding  .     (no gloves)
rMut   .         Stasis   +     (no boots)
MR     ++...                    (no amulet)
Stlth  ++++++++..               (no ring)
                                (no ring)

@: very resistant to hostile enchantments, extraordinarily stealthy
A: permanent stasis, dig shafts and tunnels, four strong arms, antennae 3
a: Dig, Minor Destruction, Lesser Servant of Makhleb, Major Destruction, Greater
Servant of Makhleb, Renounce Religion


You were in the Dungeon.
You worshipped Makhleb.
Makhleb was exalted by your worship.
You were not hungry.

You visited 1 branch

Inventory:

Hand Weapons
 k - the +∞ Axe of Woe (weapon)
   (You found it in the Dungeon)
Armour
 a - a +0 scale mail (worn)
 b - a +0 shield (worn)
Potions
 c - a potion of might
 e - a potion of curing
 f - a potion of heal wounds
 h - 2 potions of magic
 i - a potion of berserk rage
Comestibles
 d - a bread ration


   Skills:
 O Level 27 Fighting
 O Level 27 Axes
 O Level 27 Throwing
 O Level 27 Armour
 O Level 27 Dodging
 O Level 27 Stealth
 O Level 27 Shields
 O Level 27 Unarmed Combat
 O Level 27 Spellcasting
 O Level 27 Invocations


You had 80 spell levels left.
You didn't know any spells.

Dungeon Overview and Level Annotations

Branches:
Dungeon (1/1)

Altars:
Makhleb


Innate Abilities, Weirdness & Mutations

You are under a permanent stasis effect.
You can dig through walls and to a lower floor.
Your four strong arms can wield two-handed weapons with a shield.
You have a pair of large antennae on your head (SInv).


Message History

Makhleb accepts your kill.
You feel better.
The tyrant mumbles some strange words.
You hear a shout! x3
The tyrant mumbles some strange words.
The tyrant seems to speed up.
You hear a shout!
Unknown command.
Unknown command.
You hear a shout! x2
The tyrant waves its bony arms in wide circles.
The air twists around and strikes you!
* * * LOW HITPOINT WARNING * * *
You hear a shout!
The meat beast appears out of thin air!
A meat beast comes into view.
You hear a shout! x2
The tyrant waves its bony arms in wide circles.
The air twists around and strikes you!
You die...

..#....V#....{.
..%..._))........
..X.XX###)).......
.###L.X.)V)###....
#.XX%.§§#......
{.#%.%o)§)#......
.....%))).......
......))x)D.%#.
......))@)..#..
.......)))##....
#........#...z..
%........#.L.##
#.#............
...............2
...#.....## #...
.......... ...


You could see a meat beast (wandering), 2 tyrants, an eight-headed meat hydra, a
destroyer, 5 large abominations, a small abomination and a bag of meat.

Vanquished Creatures
  12 vampire knights (D)
  17 ogres (D)
  A lich (D)
  35 orcs (D)
  5 hill giants (D)
  A skeletal warrior (D)
  5 small abominations (D)
  A large abomination (D)
  5 crawling corpses (D)
82 creatures vanquished.

Vanquished Creatures (others)
  4 orcs (D)
  A crawling corpse (D)
5 creatures vanquished.

Grand Total: 87 creatures vanquished

Notes
Turn   | Place    | Note
--------------------------------------------------------------
     0 | D        | Ordine the Formicid Fighter began the quest for the Orb.
     0 | D        | Reached XP level 1. HP: 18/18 MP: 1/1
     2 | D        | Noticed a bag of meat
     2 | D        | Noticed a bag of meat
     3 | D        | Became a worshipper of Makhleb the Destroyer
     4 | D        | Noticed a bag of meat
     4 | D        | Noticed a meat berserker
     5 | D        | Noticed a meat berserker
     7 | D        | Noticed a bag of meat
     8 | D        | Noticed a bag of meat
     8 | D        | Noticed a meat berserker
     8 | D        | Noticed a meat berserker
     8 | D        | Killed a bag of meat
     8 | D        | Reached skill level 14 in Fighting
     8 | D        | Reached skill level 15 in Shields
     8 | D        | Reached XP level 2. HP: 21/43 MP: 2/2
     8 | D        | Reached XP level 3. HP: 23/49 MP: 3/3
     8 | D        | Reached XP level 4. HP: 26/56 MP: 4/4
     8 | D        | Reached XP level 5. HP: 28/62 MP: 5/5
     8 | D        | Reached XP level 6. HP: 31/69 MP: 6/6
     8 | D        | Reached XP level 7. HP: 33/75 MP: 7/7
     8 | D        | Reached XP level 8. HP: 36/82 MP: 8/8
     8 | D        | Reached XP level 9. HP: 38/88 MP: 9/9
     8 | D        | Reached XP level 10. HP: 41/95 MP: 10/10
     8 | D        | Reached XP level 11. HP: 43/101 MP: 11/11
     8 | D        | Reached XP level 12. HP: 45/108 MP: 12/12
     9 | D        | Killed a meat berserker
     9 | D        | Reached * piety under Makhleb
     9 | D        | Reached skill level 18 in Fighting
     9 | D        | Reached skill level 15 in Dodging
     9 | D        | Reached skill level 19 in Shields
     9 | D        | Reached XP level 13. HP: 84/122 MP: 13/13
     9 | D        | Reached XP level 14. HP: 89/130 MP: 14/14
     9 | D        | Killed a bag of meat
     9 | D        | Reached skill level 20 in Shields
     9 | D        | Reached XP level 15. HP: 93/139 MP: 15/15
     9 | D        | Killed a meat berserker
     9 | D        | Reached ** piety under Makhleb
     9 | D        | Reached skill level 22 in Shields
     9 | D        | Reached XP level 16. HP: 97/150 MP: 16/16
     9 | D        | Noticed a bag of meat
    10 | D        | Noticed a bag of meat
    11 | D        | Noticed a bag of meat
    11 | D        | Noticed a meat berserker
    11 | D        | Killed a meat berserker
    11 | D        | Reached skill level 24 in Shields
    11 | D        | Killed a bag of meat
    11 | D        | Reached *** piety under Makhleb
    11 | D        | Reached XP level 17. HP: 89/163 MP: 17/17
    12 | D        | Noticed a bag of meat
    12 | D        | Noticed a meat berserker
    12 | D        | Killed a bag of meat
    12 | D        | Reached skill level 25 in Shields
    12 | D        | Killed a bag of meat
    12 | D        | Reached skill level 26 in Shields
    12 | D        | Reached XP level 18. HP: 172/175 MP: 18/18
    13 | D        | Noticed a bag of meat
    13 | D        | Noticed a meat berserker
    13 | D        | Noticed a bag of meat
    14 | D        | Noticed a bag of meat
    14 | D        | Noticed a bag of meat
    15 | D        | Noticed a bag of meat
    15 | D        | Noticed a bag of meat
    15 | D        | Killed a meat berserker
    15 | D        | Reached **** piety under Makhleb
    15 | D        | Reached skill level 27 in Shields
    15 | D        | Killed a bag of meat
    15 | D        | Killed a bag of meat
    15 | D        | Reached skill level 27 in Fighting
    15 | D        | Reached skill level 27 in Armour
    15 | D        | Reached XP level 19. HP: 186/189 MP: 19/19
    16 | D        | Noticed a meat berserker
    16 | D        | Noticed a meat berserker
    16 | D        | Killed a bag of meat
    16 | D        | Reached ***** piety under Makhleb
    16 | D        | Killed a bag of meat
    16 | D        | Reached skill level 27 in Axes
    17 | D        | Killed a meat berserker
    17 | D        | Reached skill level 27 in Dodging
    17 | D        | Reached XP level 20. HP: 197/197 MP: 20/20
    17 | D        | Killed a meat berserker
    17 | D        | Reached skill level 27 in Stealth
    18 | D        | Killed a bag of meat
    18 | D        | Reached XP level 21. HP: 204/204 MP: 20/36
    19 | D        | Noticed a meat berserker
    19 | D        | Noticed a bag of meat
    20 | D        | Killed a meat berserker
    20 | D        | Reached skill level 27 in Invocations
    20 | D        | Killed a bag of meat
    20 | D        | Reached ****** piety under Makhleb
    20 | D        | Noticed a bag of meat
    21 | D        | Noticed a bag of meat
    21 | D        | Noticed a bag of meat
    21 | D        | Killed a bag of meat
    21 | D        | Killed a bag of meat
    21 | D        | Reached XP level 22. HP: 212/212 MP: 20/51
    21 | D        | Killed a bag of meat
    21 | D        | Reached skill level 27 in Spellcasting
    22 | D        | Killed a bag of meat
    22 | D        | Killed a meat berserker
    24 | D        | Noticed a meat berserker
    24 | D        | Noticed a large bag of meat
    25 | D        | Noticed a large bag of meat
    25 | D        | Noticed a bag of meat
    25 | D        | Noticed a bag of meat
    25 | D        | Killed a meat berserker
    25 | D        | Reached skill level 27 in Unarmed Combat
    25 | D        | Reached skill level 10 in Throwing
    25 | D        | Reached XP level 23. HP: 219/219 MP: 21/54
    26 | D        | Noticed a bag of meat
    26 | D        | Noticed a bag of meat
    26 | D        | Killed a bag of meat
    26 | D        | Reached skill level 15 in Throwing
    26 | D        | Killed a bag of meat
    27 | D        | Noticed a large bag of meat
    27 | D        | Noticed a bag of meat
    27 | D        | Killed a bag of meat
    28 | D        | Noticed a meat berserker
    28 | D        | Noticed a bag of meat
    28 | D        | Noticed a large bag of meat
    28 | D        | Killed a meat berserker
    28 | D        | Reached XP level 24. HP: 227/227 MP: 22/54
    29 | D        | Noticed a destroyer
    29 | D        | Noticed a destroyer
    29 | D        | Noticed a destroyer
    29 | D        | Noticed a bag of meat
    29 | D        | Noticed a bag of meat
    29 | D        | Noticed a bag of meat
    29 | D        | Noticed a destroyer
    30 | D        | Noticed an eight-headed meat hydra
    30 | D        | Noticed a large bag of meat
    30 | D        | Noticed a destroyer
    30 | D        | Killed a large bag of meat
    30 | D        | Reached skill level 27 in Throwing
    31 | D        | Noticed a destroyer
    31 | D        | Killed a large bag of meat
    32 | D        | Noticed a destroyer
    32 | D        | Noticed a meat berserker
    32 | D        | Killed a bag of meat
    32 | D        | Killed a destroyer
    32 | D        | Killed a bag of meat
    33 | D        | Noticed a destroyer
    33 | D        | Noticed a destroyer
    33 | D        | Killed a large bag of meat
    33 | D        | Reached XP level 25. HP: 202/234 MP: 23/54
    33 | D        | Killed a bag of meat
    33 | D        | Killed a destroyer
    34 | D        | Noticed a bag of meat
    34 | D        | Noticed a bag of meat
    34 | D        | Killed a bag of meat
    34 | D        | Killed a destroyer
    34 | D        | Reached XP level 26. HP: 165/242 MP: 24/54
    35 | D        | Noticed a bag of meat
    35 | D        | Noticed a bag of meat
    35 | D        | Killed a destroyer
    35 | D        | Killed a bag of meat
    35 | D        | Killed a large bag of meat
    36 | D        | Noticed a bag of meat
    36 | D        | Noticed a bag of meat
    36 | D        | Noticed a destroyer
    36 | D        | Killed a meat berserker
    37 | D        | Killed a meat berserker
    37 | D        | Killed a destroyer
    37 | D        | Killed a meat berserker
    39 | D        | Noticed a meat berserker
    39 | D        | Noticed a bag of meat
    39 | D        | Noticed a bag of meat
    39 | D        | Noticed a bag of meat
    39 | D        | Noticed a sculptor of flesh
    39 | D        | Killed a large bag of meat
    39 | D        | Killed a bag of meat
    39 | D        | Killed a bag of meat
    39 | D        | Killed a bag of meat
    39 | D        | Killed a bag of meat
    39 | D        | Reached XP level 27. HP: 176/249 MP: 25/54
    40 | D        | Killed a destroyer
    41 | D        | Noticed a bag of meat
    41 | D        | HP: 5/249 [destroyer/+9 great sword of slicing (38)]
    41 | D        | Noticed a destroyer
    42 | D        | Killed a destroyer
    42 | D        | Killed a destroyer
    43 | D        | Killed a destroyer
    43 | D        | Killed a destroyer
    43 | D        | Noticed a bag of meat
    44 | D        | Noticed a meat berserker
    46 | D        | Noticed a meat berserker
    46 | D        | Killed a bag of meat
    46 | D        | Killed a meat berserker
    47 | D        | Killed a meat berserker
    47 | D        | Killed a bag of meat
    48 | D        | Noticed a meat berserker
    48 | D        | Killed a bag of meat
    49 | D        | Noticed a tyrant
    49 | D        | Killed a bag of meat
    49 | D        | Killed a bag of meat
    50 | D        | Noticed a destroyer
    50 | D        | Noticed a tyrant
    50 | D        | Noticed a bag of meat
    50 | D        | Killed a bag of meat
    51 | D        | Killed a bag of meat
    52 | D        | Killed a bag of meat
    52 | D        | Killed a meat berserker
    52 | D        | Killed a sculptor of flesh
    53 | D        | Noticed a tyrant
    53 | D        | Killed a bag of meat
    54 | D        | Killed a bag of meat
    54 | D        | Killed a bag of meat
    54 | D        | Killed a destroyer
    54 | D        | Killed a destroyer
    55 | D        | Noticed a destroyer
    55 | D        | Killed a meat berserker
    55 | D        | Killed a tyrant
    57 | D        | Killed a bag of meat
    58 | D        | Killed from afar by a tyrant

Vault maps used:
D:        meatsprint

Action                   |  1- 3 |  4- 6 |  7- 9 | 10-12 | 13-15 | 16-18 | 19-21 | 22-24 | 25-27 || total
-------------------------+-------+-------+-------+-------+-------+-------+-------+-------+-------++-------
Melee: Executioner's axe |     1 |       |       |     1 |       |     3 |     4 |     9 |    20 ||    38
Invok: Greater Servant o |       |       |       |       |       |       |       |       |     1 ||     1
